 Dungeon Crawl Stone Soup version 0.17.1-1-g73c8601 (webtiles) character file.

27 penguinsfan71 the Grave Robber (level 2, -4/19 HPs)
             Began as a Vampire Necromancer on Dec 21, 2015.
             Was a Follower of Ashenzari.
             Slain by an orc
             ... wielding a +0 trident
              (8 damage)
             ... on level 3 of the Dungeon.
             The game lasted 00:10:31 (1592 turns).

penguinsfan71 the Grave Robber (VpNe)               Turns: 1592, Time: 00:10:31

Health: -4/19      AC:  2    Str:  7    XL:     2   Next: 93%
Magic:  4/5        EV: 13    Int: 17    God:    Ashenzari [*.....]
Gold:   79         SH:  0    Dex: 14    Spells: 1 memorised, 4 levels left

rFire  . . .     SeeInvis +     d - +0 mace
rCold  . . .     Clarity  .     a - +0 robe
rNeg   + . .     SustAt   .     (no shield)
rPois  .         Gourm    .     (no helmet)
rElec  .         Spirit   .     (no cloak)
rCorr  .         Warding  .     (no gloves)
rMut   .         Stasis   .     (no boots)
MR     .....                    (no amulet)
Stlth  +++.......               (no ring)
                                (no ring)

@: not resistant to hostile enchantments, fairly stealthy
A: fangs 3, see invisible, unbreathing
a: Scrying, Renounce Religion


You were on level 3 of the Dungeon.
You worshipped Ashenzari.
Ashenzari was aware of your devotion.
You were not thirsty.

You visited 1 branch of the dungeon, and saw 3 of its levels.

You collected 79 gold pieces.

Inventory:

Hand Weapons
 d - a +0 mace (weapon)
Armour
 a - a +0 robe (worn)
 h - a +0 robe
Scrolls
 i - a scroll of enchant weapon {unknown}
 k - a scroll of identify {unknown}
 n - a scroll of teleportation {unknown}
Potions
 c - 6 potions of blood
 e - 3 potions of flight {unknown}
 g - a potion of might {unknown}
 j - a potion of invisibility {unknown}
 l - a potion of brilliance {unknown}
 m - a potion of lignification {unknown}
Books
 b - a book of Necromancy

   Spells                             Type                      Level
   a - Pain                           Necromancy                   1
   b - Animate Skeleton               Necromancy                   1
   c - Vampiric Draining              Necromancy                   3
   d - Regeneration                   Charms/Necromancy            3
   e - Animate Dead                   Necromancy                   4
   f - Control Undead                 Necromancy                   4
Comestibles
 f - a bread ration


   Skills:
 + Level 0.2 Maces & Flails
 + Level 2.4 Dodging
 + Level 3.4 Stealth
 + Level 2.2 Spellcasting
 + Level 4.8 Necromancy


You had 4 spell levels left.
You knew the following spells:

 Your Spells              Type           Power        Failure   Level  Hunger
a - Pain                  Necr           ###.         2%          1    #......


Dungeon Overview and Level Annotations

Branches:
Dungeon (3/15)

Altars:
Ashenzari
Fedhas
Qazlal


Innate Abilities, Weirdness & Mutations

You have razor-sharp teeth.
You have supernaturally acute eyesight.
You can survive without breathing.


Message History

The bat hits you. The bat barely misses you.
The goblin shouts!
You hit the bat.
You kill the bat!
The quokka bites you. The quokka closely misses you. The orc barely misses you.
An orc comes into view. It is wielding a dagger.
The orc shouts!
You hit the quokka but do no damage. The quokka closely misses you.
The quokka bites you but does no damage.
The orc hits you from afar with a trident.
An adder skeleton comes into view.
Casting: Pain
Confirm with . or Enter, or press ? or * to list all spells.
Aiming: Pain
Press: ? - help, Shift-Dir - straight line, f - quokka
Aim: a quokka (chance to defeat MR: 94%)
The quokka convulses in agony!
The quokka bites you.
* * * LOW HITPOINT WARNING * * *
The orc hits you from afar with a trident!
You die...

. ## .. %### (..
###...### ....
#.......# .....
#.......#
#.Z.o.#####.......#
#.o..ooor@..?...#
#.....#####...###
......... ###
###....#.. ##.#.
r.# #.#. #.. # #.
##. #. #.


You could see 5 orcs and a quokka.

Vanquished Creatures
  2 giant cockroaches (D:1)
  4 goblins
  5 hobgoblins
  A jackal (D:2)
  5 bats
  3 giant newts
  3 kobolds (D:1)
  3 rats (D:1)
26 creatures vanquished.

Notes
Turn   | Place    | Note
--------------------------------------------------------------
     0 | D:1      | penguinsfan71 the Vampire Necromancer began the quest for the Orb.
     0 | D:1      | Reached XP level 1. HP: 13/13 MP: 3/3
   266 | D:1      | Reached XP level 2. HP: 7/19 MP: 5/5
  1347 | D:2      | Found a faded altar to an unknown god.
  1392 | D:2      | Found a stormy altar of Qazlal.
  1402 | D:2      | Found a blossoming altar of Fedhas.
  1458 | D:2      | Became a worshipper of Ashenzari the Shackled
  1458 | D:2      | Reached * piety under Ashenzari
  1592 | D:3      | Slain by an orc

Action                   || total
-------------------------++-------
Melee: Mace              ||    53
 Cast: Pain              ||    14
Invok: Scrying           ||     2
  Use: Potion            ||     1
 Stab: Sleeping          ||     4
  Eat: Corpse            ||     1
